Unix NetHack Version 3.7.0-64 Work-in-progress - last build Sep 20 2022 13:51:49 (2efdc47de06bbc12dbc956ebf73d51181633095d,branch:master). Game began 2022-09-22 15:52:52, ended 2022-12-28 13:15:59. seppokalevi7, lawful female human Valkyrie ########################### #---------- ## ----------- #|........-################## ...........| #|........|#############0#### | --------- #|........d@# |........####|........|a |.......| |........| |.<...... |........| --------- ---------- Seppokalevi7 the Skirmisher St:18/02 Dx:16 Co:16 In:7 Wi:8 Ch:8 Lawful S:628 Dlvl:5 $:36 HP:0(41) Pw:8(8) AC:5 Xp:4/93 T:1582 Latest messages: The little dog eats a pony corpse. You kill the rothe! You see here a rothe corpse. There is a rothe corpse here; eat it? [ynq] (n) This rothe corpse is tough. You finish eating the rothe corpse. You try to move the boulder, but in vain. The giant ant bites! The giant ant bites! You miss the giant ant. The giant ant bites! The giant ant bites! You kill the giant ant! You see here a food ration. f - a food ration. You see here a whistle. g - a whistle. What do you want to use or apply? [egw or ?*] You produce a high whistling sound. The giant ant bites! The giant ant bites! You miss the giant ant. The giant ant bites! The little dog misses the giant ant. You miss the giant ant. The giant ant bites! The little dog misses the giant ant. The giant ant bites! The little dog misses the giant ant. You hit the giant ant! The giant ant bites! The little dog misses the giant ant. You miss the giant ant. The giant ant bites! The little dog misses the giant ant. You miss the giant ant. The giant ant misses! The little dog misses the giant ant. The giant ant bites! What do you want to throw? [$b or ?*] In what direction? The vial crashes on the giant ant's head and breaks into shards. The brown potion evaporates. The giant ant bites! You die... Do you want your possessions identified? [ynq] (y) Do you want to see your attributes? [ynq] (y) Do you want an account of creatures vanquished? [ynaq] (y) Do you want to see your conduct and achievements? [ynq] (y) Do you want to see the dungeon overview? [ynq] (y) Inventory: Coins $ - 36 gold pieces Weapons b - a +0 dagger (alternate weapon; not wielded) a - a +1 spear (weapon in hand) Armor c - an uncursed +4 small shield (being worn) Comestibles f - an uncursed food ration Scrolls d - 2 uncursed scrolls of blank paper t - an uncursed scroll of blank paper n - an uncursed scroll of confuse monster m - an uncursed scroll of enchant armor k - a blessed scroll of gold detection u - an uncursed scroll of teleportation Spellbooks w - an uncursed spellbook of magic missile Potions s - an uncursed potion of hallucination l - a cursed potion of healing p - an uncursed potion of invisibility h - a cursed potion of speed Rings i - an uncursed ring of polymorph control (on right hand) y - an uncursed ring of regeneration x - an uncursed ring of sustain ability Tools e - an uncursed skeleton key g - an uncursed tin whistle Gems/Stones j - 4 uncursed worthless pieces of blue glass o - 2 uncursed worthless pieces of yellow glass Seppokalevi7 the Valkyrie's attributes: Background: You were a Skirmisher, a level 4 human Valkyrie. You were lawful, on a mission for Tyr who was opposed by Odin (neutral) and Loki (chaotic). You were in the Dungeons of Doom, on level 5. You entered the dungeon 1582 turns ago. You had 93 experience points, 67 more were needed to attain level 5. Your score was 628 before end-of-game adjustments. Basics: You had 0 out of 41 hit points. You had all 8 energy points (spell power). Your armor class was 5. Your wallet contained 36 zorkmids. Autopickup was off. Final Characteristics: Your strength was 18/02 (limit:18/100). Your dexterity was 16 (limit:18). Your constitution was 16 (limit:18). Your intelligence was 7 (limit:18). Your wisdom was 8 (limit:18). Your charisma was 8 (limit:18). Final Status: You were not hungry. You were unencumbered. You were wielding a spear. You had basic skill with spear. Final Attributes: You were devoutly aligned. You were cold resistant. You were stealthy. You had polymorph control. You are dead. Miscellaneous: You never encountered a bones level. Total elapsed playing time was 19 minutes and 48 seconds. Major events: Turn 1: seppokalevi7 the lawful human Valkyrie entered the dungeon 561: entered the Gnomish Mines 1056: attained the rank of Skirmisher (level 3) 1582: killed by a giant ant Vanquished creatures: a pony a straw golem a paper golem a giant ant a kitten a rothe an orc zombie 2 iguanas 2 giant rats a red mold a gecko 2 jackals a sewer rat 3 grid bugs 4 lichens 2 newts 25 creatures vanquished. No species were genocided or became extinct. Voluntary challenges: You read items or engraved 3 times. You never engraved Elbereth. You never genocided any monsters. You never polymorphed an object. You never changed form. You used no wishes. Achievements: You entered the Gnomish Mines. You entered a shop. You attained the rank of Skirmisher. The Dungeons of Doom: levels 1 to 5 Level 1: An altar. Level 2: Some altars, a sink. Stairs down to The Gnomish Mines. Level 3: A general store, a fountain. Level 4: A fountain. Level 5: <- You were here. Final resting place for you, killed by a giant ant. The Gnomish Mines: Level 3: Game over: ---------- / \ / REST \ / IN \ / PEACE \ / \ | seppokalevi7 | | 36 Au | | killed by a | | giant ant | | | | | | 2022 | *| * * * | * _________)/\\_//(\/(/\)/\//\/|_)_______ Farvel seppokalevi7 the Valkyrie... You died in The Dungeons of Doom on dungeon level 5 with 625 points, and 36 pieces of gold, after 1582 moves. You were level 4 with a maximum of 41 hit points when you died.